AoeStats
← Neat

Arabia

506200664Analyzed
1v1 RM · 21d ago on Sep 12, 2026· 31m 22s· 2 players
Game mode
Random Map
Map size
Tiny (2 player)
Population
200
Speed
Normal
Resources
Standard
Victory
Conquest
Starting age
Dark Age
Ending age
Imperial Age
RankedLock teamsTeams togetherTeam positionsShared explorationLock speedFull tech treeHidden civsTurbo modeCheats
Victory
Defeat
🇮🇪 Berbers · Ireland
1000
+16
🇦🇷 Portuguese · Argentina
999
-16
Neat
7:59 Loom
10:23 Feudal Age
14:21 Castle Age
24:34 Pikeman
27:19 Scale Mail Armor
27:29 Forging
27:46 Forging
Manutenra
7:08 Loom
9:58 Feudal Age
20:23 Castle Age
20:13 Scale Barding Armor
20:21 Forging
25:29 Town Watch
26:22 Chain Barding Armor
26:54 Fletching
27:26 Double-Bit Axe
Connection lost

Rejoining the realm…

Still unreachable

The connection could not be restored.

Session expired

The server has moved on; the page needs a fresh start.